 Dungeon Crawl Stone Soup version 0.29.1-1-gd02db6906a (webtiles) character file.

Game seed: 12780534452022080172

23 AlexRAT the Trooper (level 2, -3/24 HPs)
             Began as a Demonspawn Monk on Oct 9, 2022.
             Was a Believer of Qazlal.
             Slain by Terence
             ... wielding a +0 short sword
              (5 damage)
             ... on level 2 of the Dungeon.
             The game lasted 00:01:03 (1134 turns).

AlexRAT the Trooper (Demonspawn Monk)               Turns: 1134, Time: 00:01:03

Health: -3/24      AC:  2    Str: 11    XL:     2   Next: 72%
Magic:  2/2        EV: 13    Int: 11    God:    Qazlal [**....]
Gold:   24         SH:  3    Dex: 15    Spells: 1/1 levels left

rFire   . . .      SeeInvis .   a - +0 mace
rCold   . . .      Faith    .   (no shield)
rNeg    . . .      Spirit   .   b - +0 robe
rPois   .          Reflect  .   (no helmet)
rElec   .          Harm     .   (no cloak)
rCorr   .          Rampage  .   (no gloves)
Will    .....                   (no boots)
Stlth   ++........              (no amulet)
HPRegen 0.08/turn               (no ring)
MPRegen 0.08/turn               (no ring)

@: no status effects
A: powered by death 1
a: Renounce Religion, Upheaval


You were on level 2 of the Dungeon.
You worshipped Qazlal.
Qazlal was pleased with you.
You visited 1 branch of the dungeon, and saw 2 of its levels.

You collected 24 gold pieces.

Inventory:

Hand Weapons
 a - a +0 mace (weapon)
Armour
 b - a +0 robe (worn)
Scrolls
 e - a scroll of enchant armour {unknown}
 g - a scroll of identify {unknown}
Potions
 c - a potion of ambrosia
 d - 3 potions of curing {unknown}
 f - a potion of berserk rage {unknown}


   Skills:
 + Level 3.2 Fighting
 + Level 2.9 Maces & Flails
 + Level 0.8 Armour
 + Level 2.9 Dodging
 - Level 1.7 Stealth
 + Level 0.3 Invocations


You had one spell level left.
You didn't know any spells.
Your spell library was empty.

Dungeon Overview and Level Annotations

Branches:
Dungeon (2/15)

Altars:
Qazlal

Annotations:
D:2 Terence


Innate Abilities, Weirdness & Mutations

You regenerate a little health from kills.


Message History

You hit Terence but do no damage.
Terence hits you with a +0 short sword. x2
You hit Terence.
Terence is lightly wounded.
Terence hits you with a +0 short sword.
You hit Terence but do no damage.
Terence is lightly wounded.
Terence hits you with a +0 short sword.
You are too injured to fight recklessly!
You are too injured to fight recklessly!
You are too injured to fight recklessly!
You hit Terence.
Terence is lightly wounded.
Terence hits you with a +0 short sword.
* * * LOW HITPOINT WARNING * * *
You closely miss Terence.
Terence is lightly wounded.
Terence misses you. Terence barely misses you.
You thump Terence!
Terence is heavily wounded.
Terence says, "Did you write a will?
You should..."
Terence hits you with a +0 short sword.
* * * LOW HITPOINT WARNING * * *
You hit Terence.
Terence is severely wounded.
Terence hits you with a +0 short sword.
* * * LOW HITPOINT WARNING * * *
You barely miss Terence.
Terence is heavily wounded.
Terence barely misses you. x2
You hit Terence.
Terence is severely wounded.
Terence screams, "I want your blood!" Terence barely misses you.
You hit Terence but do no damage.
Terence is severely wounded.
You block Terence's attack.
You hit Terence but do no damage.
Terence is severely wounded.
Terence hits you with a +0 short sword.
You die...

# ..... .$....#..
#. .(.. .........
#.. ... .......#.#
#... .. #......#.#
#....#.##........#
.................
#......#.....#####
##....#@..........
........°@......#
###....##.#..##.#
##...##..#.##.#
#####
###..........##
##...##
####.....#..#
#.....##
##....#...# #
.......#
##.........# #.#
.......#
#....####..# ....
..<....#
###..........#..#


You could see Terence.

Vanquished Creatures
  2 ball pythons (D:1)
  An endoplasm (D:1)
  3 goblins (D:1)
  3 hobgoblins (D:1)
  A quokka (D:1)
  3 frilled lizards (D:1)
  4 kobolds (D:1)
  5 rats (D:1)
22 creatures vanquished.

Notes
Turn   | Place    | Note
-------+----------+-------------------------------------------
     0 | D:1      | AlexRAT the Demonspawn Monk began the quest for the Orb.
     0 | D:1      | Reached XP level 1. HP: 18/18 MP: 1/1
   244 | D:1      | Gained mutation: You regenerate a little health from kills.
                  | [demonic ancestry]
   244 | D:1      | Reached XP level 2. HP: 17/24 MP: 2/2
   528 | D:1      | Found a faded altar of an unknown god.
   535 | D:1      | Prayed at the altar of an unknown god.
   535 | D:1      | Became a worshipper of Qazlal Stormbringer
   535 | D:1      | Reached * piety under Qazlal
   535 | D:1      | Reached ** piety under Qazlal
  1115 | D:2      | Noticed Terence
  1134 | D:2      | Slain by Terence

Illustrated notes

Levels and vault maps discovered:
D:1:      spicycebolla_arrival_xxxplode, layout_basic, basic_ecumenical_altar
D:2:      layout_rooms, hangedman_abyss_or_decor_lesser_grid, uniq_terence

Action                   || total
-------------------------++-------
Melee: Mace              ||    55
 Stab: Sleeping          ||     2
Armor: Robe              ||     3
Dodge: Dodged            ||    25
Block: Other             ||     5
